 Dungeon Crawl Stone Soup version 0.30-a0-1102-g2dbb833546 (webtiles) character file.

Game seed: 818373188985232447

3851 Kratos the Protected (level 9, -7/79 HPs)
             Began as a Minotaur Fighter on Apr 17, 2023.
             Was a Follower of Wu Jian.
             Mangled by a skeletal warrior
             ... wielding a +1 halberd of pain
              (16 damage)
             ... on level 9 of the Dungeon on Apr 18, 2023.
             The game lasted 00:40:09 (7556 turns).

Kratos the Protected (Minotaur Fighter)             Turns: 7556, Time: 00:40:10

Health: -7/79      AC: 28    Str: 33    XL:     9   Next: 99%
Magic:  0/8        EV:  8    Int:  5    God:    Wu Jian [*.....]
Gold:   537        SH:  5    Dex: 10    Spells: 8/8 levels left

rFire   . . .      SeeInvis .    L - +6 long sword of the Dancing Bear {protect, Will+ rCorr Str+2}
rCold   . . .      Faith    .    c - +0 buckler
rNeg    . . .      Spirit   +    Z - +0 plate armour
rPois   .          Reflect  .    (helmet restricted)
rElec   .          Rampage  .    (no cloak)
rCorr   +                        G - +2 pair of gloves
Will    +....                    (no boots) Stlth
                                 Y - amulet of guardian spirit
HPRegen 0.33/turn                T - +4 ring of protection
MPRegen 0.11/turn                S - +6 ring of strength

@: under a protective aura
A: horns 2, retaliatory headbutt
a: Renounce Religion


You were on level 9 of the Dungeon.
You worshipped Wu Jian.
Wu Jian was aware of your devotion.
You visited 2 branches of the dungeon, and saw 10 of its levels.

You collected 537 gold pieces.


Innate Abilities, Weirdness & Mutations

You have a pair of horns on your head.
You reflexively headbutt those who attack you in melee.


   Skills:
 + Level 7.0 Fighting
 * Level 8.1 Long Blades
 - Level 5.6(6.3) Axes
 - Level 1.5(3.8) Maces & Flails
 + Level 3.9(5.3) Polearms
 * Level 9.2 Armour
 + Level 7.0 Shields
 + Level 5.4 Unarmed Combat


You had 8 spell levels left.
You didn't know any spells.
Your spell library contained the following spells:

 Spells                   Type           Power      Damage    Failure   Level
 Apportation              Tloc           0%         N/A       99%         1
 Foxfire                  Conj/Fire      0%         2x1d4     99%         1
 Magic Dart               Conj           0%         1d3       99%         1
 Necrotise                Necr           0%         1d4       99%         1
 Sting                    Tmut/Pois      0%         1d3       99%         1
 Cigotuvi's Dreadful Rot  Necr/Pois/Air  0%         N/A       100%        2
 Ensorcelled Hibernation  Hex/Ice        0%         N/A       100%        2
 Poisonous Vapours        Pois/Air       0%         N/A       100%        2
 Searing Ray              Conj           0%         2d4       100%        2
 Static Discharge         Conj/Air       0%         2-2/arc   100%        2
 Frozen Ramparts          Ice            0%         1d1       100%        3
 Ignite Poison            Fire/Tmut/Pois 0%         N/A       100%        3
 Inner Flame              Hex/Fire       0%         N/A       100%        3
 Vampiric Draining        Necr           0%         2d6       100%        3
 Anguish                  Hex/Necr       0%         N/A       100%        4
 Cause Fear               Hex            0%         N/A       100%        4
 Flame Wave               Conj/Fire      0%         2d4       100%        4
 Fulminant Prism          Conj/Hex       0%         3d5       100%        4
 Ice Form                 Ice/Tmut       0%         N/A       100%        4
 Olgreb's Toxic Radiance  Pois           0%         N/A       100%        4
 Sticky Flame             Conj/Fire      0%         2d3       100%        4
 Summon Ice Beast         Ice/Summ       0%         N/A       100%        4
 Agony                    Necr           0%         N/A       100%        5
 Alistair's Intoxication  Tmut/Pois      0%         N/A       100%        5
 Arcjolt                  Conj/Air       0%         1d10      100%        5
 Freezing Cloud           Conj/Ice/Air   0%         6-21      100%        5
 Summon Forest            Summ/Tloc      0%         N/A       100%        5
 Summon Mana Viper        Hex/Summ       0%         N/A       100%        5
 Summon Cactus Giant      Summ           0%         N/A       100%        6
 Enfeeble                 Hex            0%         N/A       100%        7

Inventory:

Hand Weapons
 a - a +0 war axe
 e - a +0 dagger
 i - a +0 falchion
 k - a +0 dagger
 A - the +4 spear of the Bursting Gods {freeze, Str+2 Int+4 Stlth-}
   (You found it on level 7 of the Dungeon)

   Str:       It affects your strength (+2).
   Int:       It affects your intelligence (+4).
   Stlth:     It makes you less stealthy.
 K - a +4 dagger
 L - the +6 long sword of the Dancing Bear (weapon) {protect, Will+ rCorr Str+2}
   (You found it on level 4 of the Dungeon)

   Str:       It affects your strength (+2).
   rCorr:     It protects you from acid and corrosion.
   Will:      It increases your willpower.
 Q - the +4 hand axe "Fimaacw" {spect, rPois Int+4}
   (You found it on level 6 of the Dungeon)

   Int:       It affects your intelligence (+4).
   rPois:     It protects you from poison.
Armour
 b - a +0 scale mail
 c - a +0 buckler (worn)
 j - a +0 barding
 E - a +0 animal skin
 G - a +2 pair of gloves (worn)
 W - a +0 helmet
 Z - a +0 plate armour (worn)
Jewellery
 t - a +4 ring of protection
 w - an amulet of the acrobat
 C - a ring of ice
 R - the ring of the Unkillable {+Blink rF+++ rN+ Str-4 Dex+6}
   (You found it on level 6 of the Dungeon)

   [ring of dexterity]

   Str:       It affects your strength (-4).
   Dex:       It affects your dexterity (+6).
   rF:        It renders you almost immune to fire.
   rN:        It protects you from negative energy.
   +Blink:    It lets you blink.
 S - a +6 ring of strength (right hand)
 T - a +4 ring of protection (left hand)
 Y - an amulet of guardian spirit (around neck)
Wands
 u - a wand of flame (9)
 v - a wand of quicksilver (9)
 F - a wand of mindburst (10)
 O - a wand of digging (5)
 P - a wand of iceblast (16)
Scrolls
 y - 2 scrolls of immolation {unknown}
 z - a scroll of fog {unknown}
 B - 3 scrolls of butterflies
 M - 2 scrolls of teleportation {@r2}
 U - 2 scrolls of poison
 X - a scroll of magic mapping {unknown}
Potions
 f - 4 potions of lignification
 l - a potion of invisibility
 x - a potion of curing {unknown}
 D - a potion of attraction {unknown}
 H - 3 potions of haste {@q3}
 I - 2 potions of cancellation
 J - 2 potions of heal wounds {unknown}
 N - 2 potions of magic
 V - a potion of berserk rage {unknown}

Dungeon Overview and Level Annotations

Branches:
Dungeon (9/15)             Temple (1/1) D:5            Lair (0/5) D:9
    Orc: D:9-12

Altars:
Ashenzari
Cheibriados
Elyvilon
Fedhas
Gozag
Hepliaklqana
Kikubaaqudgha
Makhleb
Nemelex Xobeh
Okawaru
Qazlal
Ru
Sif Muna
Trog
Uskayaw
Vehumet
Wu Jian
Xom
Yredelemnul
Zin
The Shining One

....................#
...............z@...#
....................#
....................#
#...................#
##..#####...........#
#... #...........#
... #...........# ..
#......?...##


You could see a skeletal warrior.


Message History

A skeletal warrior is wielding a +1 halberd of pain.
A skeletal warrior is wielding a +0 heavy hand axe.
Found a scroll of identify.
There is a stone staircase leading up here.
The skeletal warrior closely misses you.
You climb upwards.
There is a stone staircase leading down here.
You feel very mighty all of a sudden.
You climb downwards.
The skeletal warrior hits you with a +0 heavy hand axe!
There is a stone staircase leading up here.
You slash the skeletal warrior!
Your weapon exudes an aura of protection.
The skeletal warrior is moderately damaged.
The skeletal warrior hits you but does no damage.
The skeletal warrior hits you with a +0 heavy hand axe.
The skeletal warrior hits you from afar with a +1 halberd of pain.
You writhe in agony.
You climb upwards.
There is a stone staircase leading down here.
You closely miss the skeletal warrior.
The skeletal warrior is moderately damaged.
You hit the skeletal warrior.
Your weapon exudes an aura of protection.
You headbutt the skeletal warrior!
The skeletal warrior is severely damaged.
The skeletal warrior hits you but does no damage.
You hit the skeletal warrior. You headbutt the skeletal warrior!
The skeletal warrior is almost destroyed.
The skeletal warrior closely misses you.
You hit the skeletal warrior but do no damage.
The skeletal warrior is almost destroyed.
You barely miss the skeletal warrior. You headbutt the skeletal warrior.
You destroy the skeletal warrior!
The Council accepts your kill.
Your Fighting skill increases to level 7!
Your Long Blades skill increases to level 8!
Your Armour skill increases to level 9!
Your Shields skill increases to level 7!
You see here a +0 heavy hand axe.
There is a stone staircase leading down here.
Magic restored.
HP restored.
Done exploring.
You climb downwards.
There is a stone staircase leading up, spattered with blood here.
You block the skeletal warrior's attack.
You spin and attack the skeletal warrior.
You hit the skeletal warrior.
Your weapon exudes an aura of protection.
You headbutt the skeletal warrior!!
The skeletal warrior is moderately damaged.
You feel a little less mighty now.
The skeletal warrior hits you with a +1 halberd of pain.
You writhe in agony.
You hit the skeletal warrior.
Your headbutt misses the skeletal warrior.
The skeletal warrior is moderately damaged.
The skeletal warrior hits you with a +1 halberd of pain!
You writhe in agony.
You slash the skeletal warrior! You headbutt the skeletal warrior!
The skeletal warrior is heavily damaged.
The skeletal warrior hits you with a +1 halberd of pain.
You writhe in agony.
You closely miss the skeletal warrior.
You headbutt the skeletal warrior, but do no damage.
The skeletal warrior is heavily damaged.
The skeletal warrior hits you but does no damage.
You hit the skeletal warrior but do no damage.
The skeletal warrior is heavily damaged.
The skeletal warrior hits you but does no damage.
You writhe in agony.
You hit the skeletal warrior.
The skeletal warrior is heavily damaged.
The skeletal warrior hits you with a +1 halberd of pain!!
* * * LOW HITPOINT WARNING * * *
You hit the skeletal warrior.
The skeletal warrior is heavily damaged.
The skeletal warrior hits you but does no damage.
You writhe in agony.
* * * LOW HITPOINT WARNING * * *
You hit the skeletal warrior.
The skeletal warrior is severely damaged.
The skeletal warrior hits you with a +1 halberd of pain!
* * * LOW HITPOINT WARNING * * *
You writhe in agony.
* * * LOW HITPOINT WARNING * * *
You hit the skeletal warrior but do no damage.
The skeletal warrior is severely damaged.
The skeletal warrior hits you with a +1 halberd of pain!
* * * LOW MAGIC WARNING * * *;
* * * LOW HITPOINT WARNING * * *
You writhe in agony.
* * * LOW HITPOINT WARNING * * *
The skeletal warrior hits you with a +1 halberd of pain.
* * * LOW HITPOINT WARNING * * *
You writhe in agony.
* * * LOW HITPOINT WARNING * * *
The skeletal warrior attacks as you move away!
The skeletal warrior hits you with a +1 halberd of pain!
* * * LOW MAGIC WARNING * * *
You die...

Skill      XL: |  1  2  3  4  5  6  7  8  9 |
---------------+----------------------------+-----
Axes           | 3 4 5 |  5.6
Armour         | 4 5 6 7 9 |  9.2
Maces & Flails | 1 |  1.5
Polearms       | 1 2 3 |  3.9
Shields        | 4 5 7 |  7.0
Unarmed Combat | 1 2 3 4 5 |  5.4
Fighting       | 4 5 6 7 |  7.0
Long Blades    | 3 4 6 8 |  8.1

Action                     |  1- 3 |  4- 6 |  7- 9 || total
---------------------------+-------+-------+-------++-------
  Melee: War axe           |    99 |    38 |       ||   137
         Headbutt          |    19 |    15 |    54 ||    88
         Long sword        |       |    61 |   276 ||   337
Ability: Lunge             |       |       |     8 ||     8
         Whirlwind         |       |       |     9 ||     9
    Use: Scroll            |     2 |     4 |     6 ||    12
         Potion            |     1 |       |     1 ||     2
 Armour: Scale mail        |    67 |    65 |    57 ||   189
         Plate armour      |       |       |   184 ||   184
  Dodge: Dodged            |    62 |    72 |   107 ||   241
  Block: Buckler           |    29 |    24 |    68 ||   121

Levels and vault maps discovered:
D:1:      mrwooster_arrival_statue_3, layout_basic,
          shapermc_ecumenical_altar_mp_vishouse, minivault_14
D:2:      layout_basic
D:3:      layout_basic, uniq_robin
D:4:      layout_basic, jmf_multi_god_temple, ebering_ghost_disaster_area,
          grunt_ministairs_8
D:5:      layout_rooms, minmay_temple_entry_enclosed_plants,
          kennysheep_generic_room_9
D:6:      layout_basic, mainiacjoe_overflow_small_starburst, st_stairs_13,
          minmay_chambers_of_fives
D:7:      layout_basic, nicolae_vehumet_altar_sigil
D:8:      layout_basic, minmay_bent
D:9:      layout_big_octagon, nicolae_dithmenos_through_a_glass_darkly,
          lair_entry_dummy, uniq_prince_ribbit1, uniq_erica
Temple:   bh_familiar_temple

Notes
Turn   | Place    | Note
-------+----------+-------------------------------------------
     0 | D:1      | Kratos the Minotaur Fighter began the quest for the Orb.
     0 | D:1      | Reached XP level 1. HP: 19/19 MP: 0/0
   178 | D:1      | Reached XP level 2. HP: 27/27 MP: 1/1
   397 | D:2      | Reached skill level 3 in Axes
   397 | D:2      | Reached skill level 4 in Armour
   624 | D:2      | Reached XP level 3. HP: 24/33 MP: 2/2
   816 | D:2      | Reached skill level 1 in Maces & Flails
   936 | D:2      | Reached skill level 1 in Polearms
  1393 | D:2      | Upgraded the game from 0.30-a0-1093-gcfb1e0cf12 to
                  | 0.30-a0-1102-g2dbb833546
  1413 | D:3      | Noticed Robin
  1418 | D:3      | Reached skill level 4 in Shields
  1418 | D:3      | Reached skill level 1 in Unarmed Combat
  1428 | D:3      | Reached skill level 4 in Fighting
  1428 | D:3      | Killed Robin
  1429 | D:3      | Reached XP level 4. HP: 18/40 MP: 3/3
  1435 | D:3      | Got Sif Muna's Elucidation of Conjuration and Imprecation
  2249 | D:4      | Found an ancient bone altar of Kikubaaqudgha.
  2249 | D:4      | Found a shimmering altar of Xom.
  2397 | D:4      | Identified the +6 long sword of the Dancing Bear {protect,
                  | Will+ rCorr Str+2}
  2484 | D:4      | Reached XP level 5. HP: 30/46 MP: 4/4
  2577 | D:4      | Reached skill level 1 in Long Blades
  2889 | D:4      | Reached skill level 4 in Axes
  2984 | D:4      | Found a large runed translucent door.
  2984 | D:4      | Found a large runed translucent door.
  2985 | D:4      | Noticed Thjof's ghost (novice GrFE)
  3374 | D:4      | Killed Thjof's ghost
  3375 | D:4      | Reached skill level 3 in Long Blades
  3375 | D:4      | Reached skill level 5 in Armour
  3375 | D:4      | Reached skill level 2 in Unarmed Combat
  3375 | D:4      | Reached XP level 6. HP: 51/55 MP: 5/5
  3375 | D:4      | Reached XP level 7. HP: 55/60 MP: 6/6
  3460 | D:5      | Entered Level 5 of the Dungeon
  3490 | D:5      | Reached skill level 5 in Fighting
  3490 | D:5      | Reached skill level 3 in Unarmed Combat
  3501 | D:5      | Reached skill level 6 in Armour
  3517 | D:5      | Reached skill level 5 in Shields
  3518 | D:5      | Reached skill level 4 in Long Blades
  3766 | D:5      | Found a staircase to the Ecumenical Temple.
  3772 | Temple   | Entered the Ecumenical Temple
  3861 | Temple   | Became a worshipper of the Wu Jian Council
  4432 | D:6      | Reached XP level 8. HP: 65/68 MP: 7/7
  4433 | D:6      | Reached skill level 5 in Axes
  4451 | D:6      | Reached skill level 5 in Long Blades
  4481 | D:6      | Identified the ring of the Unkillable {+Blink rF+++ rN+
                  | Str-4 Dex+6}
  4520 | D:6      | Identified the +4 hand axe "Fimaacw" {spect, rPois Int+4}
  4569 | D:6      | Reached skill level 7 in Armour
  4668 | D:6      | Found a burning altar of Makhleb.
  4750 | D:6      | Reached skill level 4 in Unarmed Combat
  5378 | D:7      | Identified the +4 spear of the Bursting Gods {freeze, Str+2
                  | Int+4 Stlth-}
  5551 | D:7      | Reached skill level 6 in Long Blades
  5555 | D:7      | Reached skill level 6 in Fighting
  5878 | D:7      | Reached skill level 2 in Polearms
  5878 | D:7      | Reached XP level 9. HP: 75/75 MP: 8/8
  5887 | D:7      | Found a radiant altar of Vehumet.
  5962 | D:7      | Reached skill level 6 in Shields
  5979 | D:7      | Reached skill level 8 in Armour
  5988 | D:7      | Reached * piety under Wu Jian
  6642 | D:8      | Paralysed by a hornet for 1 turns
  6648 | D:8      | Reached skill level 7 in Long Blades
  6890 | D:8      | Reached skill level 3 in Polearms
  7337 | D:9      | Found a staircase to the Lair.
  7347 | D:9      | Reached skill level 5 in Unarmed Combat
  7459 | D:9      | Noticed a skeletal warrior
  7459 | D:9      | Noticed a skeletal warrior
  7489 | D:8      | Killed a skeletal warrior
  7490 | D:8      | Reached skill level 7 in Fighting
  7490 | D:8      | Reached skill level 8 in Long Blades
  7490 | D:8      | Reached skill level 9 in Armour
  7490 | D:8      | Reached skill level 7 in Shields
  7556 | D:9      | Mangled by a skeletal warrior

Vanquished Creatures
  A skeletal warrior (D:8)
  The ghost of Thjof the Firebug, a novice GrFE (D:4)
  A hornet (D:8)
  3 yaks (D:9)
  2 orc warriors (D:7)
  A sky beast (D:6)
  2 ice beasts
  2 ogres
  2 centaurs
  A phantom (D:5)
  2 kobold brigands
  5 bullfrogs
  4 scorpions
  A killer bee (D:8)
  A howler monkey (D:4)
  2 hounds
  A jelly (D:8)
  3 sleepcaps
  3 orc priests
  3 iguanas
  5 orc wizards
  Robin (D:3)
  3 gnolls (D:4)
  4 adders
  A shadow imp (D:5)
  6 white imps
  2 ufetubi
  3 worms (D:2)
  3 dart slugs
  25 orcs
  2 ball pythons
  4 endoplasms
  2 giant cockroaches (D:1)
  14 goblins
  7 hobgoblins
  7 jackals (D:2)
  19 kobolds
  2 quokkas
  8 bats
  3 frilled lizards
  2 rats
164 creatures vanquished.

Vanquished Creatures (others)
  An orc (D:5)
1 creature vanquished.

Grand Total: 165 creatures vanquished

Table legend: (Time is in decaauts)
 A = Elapsed time spent in this place.
 B = Non-inter-level travel time spent in this place.
 C = Inter-level travel time spent in this place.
 D = Time resting spent in this place.
 E = Time spent auto-exploring this place.
 F = Levels seen in this place.
 G = Mean time per level.
                   A        B        C        D        E       F      G
               +--------+--------+--------+--------+--------+-----+--------+
         Total |   7673 |   7646 |     27 |      0 |   4252 |  10 |  767.3 |
       Dungeon |   7352 |   7325 |     27 |      0 |   4128 |   9 |  816.9 |
        Temple |    320 |    320 |      0 |      0 |    124 |   1 |  320.0 |
               +--------+--------+--------+--------+--------+-----+--------+

Top non-repeatable levels by time:
     D:4: 1254 daAuts
     D:8: 1200 daAuts
     D:2: 1106 daAuts
     D:6: 941 daAuts
     D:7: 854 daAuts
     D:3: 848 daAuts
     D:5: 657 daAuts
     D:1: 325 daAuts
  Temple: 320 daAuts
     D:9: 164 daAuts

Table legend:
 A = Non-vault XP
 B = Vault XP
 C = Vault XP percentage of total XP
 D = Non-vault monster count
 E = Vault monster count
 F = Vault count percentage of total count
                 A         B        C        D         E       F
            +---------+---------+-------+---------+---------+-------
      Total |    4046 |    1456 |  26.5 |     133 |      31 |  18.9
            +---------+---------+-------+---------+---------+-------
        D:1 |      20 |       0 |   0.0 |      13 |       0 |   0.0
        D:2 |      56 |       0 |   0.0 |      26 |       0 |   0.0
        D:3 |      32 |      33 |  50.8 |      12 |      10 |  45.5
        D:4 |     142 |     541 |  79.2 |      19 |       5 |  20.8
        D:5 |     426 |     103 |  19.5 |      16 |       1 |   5.9
        D:6 |     613 |     434 |  41.5 |      16 |       7 |  30.4
        D:7 |     797 |       0 |   0.0 |      16 |       0 |   0.0
        D:8 |    1336 |     345 |  20.5 |      12 |       8 |  40.0
        D:9 |     624 |       0 |   0.0 |       3 |       0 |   0.0
            +---------+---------+-------+---------+---------+-------
